 Dungeon Crawl Stone Soup version 0.31-a0-963-ga325b2283a (webtiles) character file.

Game seed: 16279979013721939510

1641 IdlyInterested the Changeling (level 8, -4/50 HPs)
             Began as a Demonspawn Shapeshifter on Oct 24, 2023.
             Slain by Maggie
             ... wielding a +3 morningstar of pain
              (16 damage)
             ... on level 6 of the Dungeon.
             The game lasted 00:17:46 (5127 turns).

IdlyInterested the Changeling (DsSh)                Turns: 5127, Time: 00:17:46

Health: -4/50      AC:  4    Str: 15    XL:     8   Next: 66%
Magic:  17/17      EV: 12    Int: 12    God:
Gold:   307        SH:  5    Dex: 20    Spells: 7/7 levels left

rFire   . .          .
                       - Unarmed
rCold   + . .        q - +0 buckler
rNeg    . . .        s - +2 robe {rC+}
rPois   .            w - melded +0 helmet
rElec   .            v - melded +0 cloak
rCorr   .            (gloves currently unavailable)
SInv    .            (boots currently unavailable)
Will    .....        (no amulet)
Stlth   ++           j - ring of magical power
HPRegen 0.28/turn    H - +6 ring of dexterity
MPRegen 0.15/turn

%: no passive effects
@: beast-form, mesmerised
A: beast (slay +4), claws 1, hooves 2, spiny 2, frail 1
a: Begin Untransformation


You were on level 6 of the Dungeon.
You were a hulking beast.
You visited 2 branches of the dungeon, and saw 7 of its levels.
You also visited: Sewer.

You collected 307 gold pieces.

Inventory:

Hand Weapons
 a - a +1 hand axe of draining
 f - a +0 hand axe
 m - a +0 short sword
 n - the +1 mace of Attainder {heavy, Fly rC+ Int+3 Stlth+}
   (You found it on level 3 of the Dungeon)

   Int+3:     It affects your intelligence (+3).
   rC+:       It protects you from cold.
   Fly:       It grants you flight.
   Stlth+:    It makes you more stealthy.
 r - a +0 scimitar
 u - a +0 spear
 E - a +0 flail
 F - a +2 whip of venom
Missiles
 g - 25 stones (quivered)
 z - 3 boomerangs
 B - 5 poisoned darts
 C - a throwing net
Armour
 q - a +0 buckler (worn)
 s - a +2 robe of cold resistance (worn)
 v - a +0 cloak (melded)
 w - a +0 helmet (melded)
 M - a +0 plate armour
Jewellery
 j - a ring of magical power (left claw)
 H - a +6 ring of dexterity (right claw)
Talismans
 c - a beast talisman (active)
 d - a flux talisman
Wands
 h - a wand of flame (17)
Scrolls
 e - a scroll of brand weapon {unknown}
 k - 2 scrolls of blinking {unknown}
 l - a scroll of teleportation {unknown}
 o - 2 scrolls of immolation {unknown}
 p - a scroll of revelation
 t - 3 scrolls of enchant weapon {unknown}
 x - a scroll of enchant armour {unknown}
 y - a scroll of acquirement {unknown}
 D - a scroll of noise {unknown}
 J - a scroll of amnesia {unknown}
 L - 2 scrolls of identify {unknown}
Potions
 b - a potion of lignification
 i - a potion of haste
 A - a potion of brilliance
 G - a potion of enlightenment {unknown}
 I - a potion of attraction {unknown}
 K - 2 potions of might


   Skills:
 - Level 2.0 Fighting
 - Level 1.0 Throwing
 - Level 2.0 Armour
 - Level 2.0 Dodging
 - Level 1.0 Stealth
 - Level 2.0 Shields
 * Level 5.3 Unarmed Combat
 - Level 1.0 Evocations
 + Level 7.7 Shapeshifting


You had 7 spell levels left.
You didn't know any spells.
Your spell library contained the following spells:

 Spells                   Type           Power      Damage    Failure   Level
 Freeze                   Ice            0%         1d3       41%         1
 Necrotise                Necr           0%         1d4       41%         1
 Ensorcelled Hibernation  Hex/Ice        0%         N/A       54%         2
 Jinxbite                 Hex            0%         N/A       54%         2
 Frozen Ramparts          Ice            0%         1d1       78%         3
 Hailstorm                Conj/Ice       0%         3d3       78%         3
 Vampiric Draining        Necr           0%         2d6       78%         3
 Anguish                  Hex/Necr       0%         N/A       99%         4
 Agony                    Necr           0%         N/A       100%        5


Dungeon Overview and Level Annotations

Branches:
Dungeon (7/15)             Temple (1/1) D:6           Sewer (visited)

Altars:
Ashenzari
Cheibriados
Dithmenos
Fedhas
Gozag
Hepliaklqana
Kikubaaqudgha
Nemelex Xobeh
Okawaru
Qazlal
Ru
Sif Muna
Trog
Uskayaw
Vehumet
Wu Jian
Xom

Annotations:
D:6 Maggie


Innate Abilities, Weirdness & Mutations

You are a hulking beast.
Your limbs bulge with bestial killing power. (Slay +4)
You have sharp fingernails.
You have hoof-like feet.
You are mostly covered in sharp spines.
You are frail. (-10% HP)


Message History

There is a staircase to the Ecumenical Temple here.
Found a glaive and a mace.
You see here a +0 glaive.
You see here a +0 mace.
You see here a +2 whip of venom.
F - a +2 whip of venom An iguana comes into view.
Maggie the Vainglorious comes into view.
She is wielding a +3 morningstar of pain.
The helpless iguana fails to defend itself.
You scratch the iguana.
The iguana is moderately wounded.
The iguana is struck by your spines. The iguana closely misses you.
You completely miss the iguana. Your kick misses the iguana.
The iguana is severely wounded.
The iguana is struck by your spines. The iguana misses you.
You scratch the iguana.
You kill the iguana!
The helpless Maggie fails to defend herself.
You claw Maggie! Your kick misses Maggie.
Maggie is lightly wounded.
Maggie gestures at you while chanting. The bolt of fire hits you!
You scratch Maggie.
Maggie is lightly wounded.
Maggie mumbles some strange words.
Maggie attempts to bespell you!
You are mesmerised by Maggie!
You scratch Maggie. You kick Maggie!
Maggie is heavily wounded.
Maggie casts a spell at you. The bolt of fire hits you!!
Ouch! That really hurt!
* * * LOW HITPOINT WARNING * * *
You scratch Maggie.
Maggie is heavily wounded.
Maggie is struck by your spines. Maggie closely misses you.
You scratch Maggie.
Maggie is severely wounded.
Maggie hits you with a +3 morningstar of pain!
You die...

########################
................h@......
.#######.......#########
.# #.......#
.##...........†......
.##...###############
.##.. .## .# .#


You could see Maggie (mesmerising).

Vanquished Creatures
  Grinder (D:3)
  A wyvern (D:7)
  A water moccasin (D:7)
  A black bear (D:6)
  2 orc warriors
  A sky beast (D:7)
  An ice beast (D:7)
  A bullfrog (D:6)
  A scorpion (D:4)
  2 howler monkeys (D:7)
  Crazy Yiuf (D:3)
  A jelly (D:4)
  2 orc priests (D:7)
  Jessica (D:2)
  3 iguanas
  Robin (D:3)
  3 gnolls (D:3)
  13 adders
  2 river rats
  7 worms
  3 dart slugs
  7 orcs
  9 endoplasms
  A giant cockroach (D:1)
  15 goblins
  9 hobgoblins
  6 jackals
  7 kobolds
  8 ball pythons
  9 bats
  4 frilled lizards
  6 rats
130 creatures vanquished.

Notes
Turn   | Place    | Note
-------+----------+-------------------------------------------
     0 | D:1      | IdlyInterested the Demonspawn Shapeshifter began the quest
                  | for the Orb.
     0 | D:1      | Reached XP level 1. HP: 15/15 MP: 1/1
   136 | D:1      | Found a faded altar of an unknown god.
   139 | D:1      | Reached skill level 3 in Shapeshifting
   209 | D:1      | Discovered your monstrous ancestry.
   209 | D:1      | Gained mutation: You have large cloven feet. [demonic
                  | ancestry]
   209 | D:1      | Reached XP level 2. HP: 21/21 MP: 2/2
   977 | D:2      | Gained mutation: You have sharp fingernails. [demonic
                  | ancestry]
   977 | D:2      | Reached XP level 3. HP: 26/26 MP: 3/3
  1083 | D:2      | Noticed Jessica
  1098 | D:2      | Killed Jessica
  1099 | D:2      | Reached XP level 4. HP: 29/32 MP: 4/4
  1155 | D:2      | Found a sparkling altar of Nemelex Xobeh.
  1465 | D:2      | Reached skill level 4 in Shapeshifting
  2058 | D:3      | Noticed Robin
  2094 | D:3      | Killed Robin
  2095 | D:3      | Gained mutation: You have hoof-like feet. [demonic
                  | ancestry]
  2095 | D:3      | Reached XP level 5. HP: 28/37 MP: 5/5
  2163 | D:3      | Found a glowing drain.
  2171 | Sewer    | Entered a sewer
  2594 | Sewer    | Gained mutation: You are frail. (-10% HP) [potion of
                  | mutation]
  2630 | D:3      | Identified the +1 mace of Attainder {heavy, Fly rC+ Int+3
                  | Stlth+}
  2874 | D:3      | Reached XP level 6. HP: 15/38 MP: 6/6
  3034 | D:3      | Reached skill level 5 in Shapeshifting
  3194 | D:3      | Noticed Grinder
  3204 | D:3      | HP: 1/38 [Grinder/nerve-wracking pain (13)]
  3206 | D:3      | Killed Grinder
  3425 | D:3      | Found a runed translucent door.
  3426 | D:3      | Noticed Crazy Yiuf
  3432 | D:3      | Killed Crazy Yiuf
  3433 | D:3      | Gained mutation: You are partially covered in sharp spines.
                  | [demonic ancestry]
  3433 | D:3      | Reached XP level 7. HP: 24/45 MP: 7/7
  3853 | D:4      | Reached skill level 1 in Armour
  3853 | D:4      | Reached skill level 6 in Shapeshifting
  3968 | D:4      | Found a stormy altar of Qazlal.
  4062 | D:4      | Found a blossoming altar of Fedhas.
  4191 | D:4      | You fall into a shaft and drop 3 floors!
  4216 | D:7      | Reached skill level 1 in Evocations
  4290 | D:7      | Noticed a wyvern
  4299 | D:7      | Killed a wyvern
  4495 | D:7      | Reached skill level 1 in Shields
  4495 | D:7      | Reached skill level 7 in Shapeshifting
  4495 | D:7      | Gained mutation: You are mostly covered in sharp spines.
                  | [demonic ancestry]
  4495 | D:7      | Reached XP level 8. HP: 50/50 MP: 8/8
  4523 | D:7      | Reached skill level 1 in Stealth
  4534 | D:7      | Reached skill level 1 in Throwing
  4557 | D:7      | Found an ornate altar of the Wu Jian Council.
  4672 | D:7      | Noticed a spectral centipede
  4672 | D:7      | Noticed a spectral black mamba
  4854 | D:6      | Reached skill level 5 in Unarmed Combat
  5040 | D:6      | Found a staircase to the Ecumenical Temple.
  5053 | Temple   | Entered the Ecumenical Temple
  5113 | D:6      | Noticed Maggie
  5127 | D:6      | Slain by Maggie

Illustrated notes

Levels and vault maps discovered:
D:1:      dpeg_arrival_tiny_a, layout_basic, dreamdust_ecumenical_altar_statues,
          dreamdust_wishing_well
D:2:      layout_basic, basic_altar, columned_hall_lemuel,
          minmay_goblin_kobold_house, uniq_jessica
D:3:      layout_basic, lightli_sewer_entry_pipes, uniq_robin, uniq_grinder,
          uniq_crazy_yiuf_cottage
D:4:      layout_basic, grunt_temple_overflow_forces_of_nature, kennysheep_mini,
          small_statue_intersection, chequers_jeans, corexii_hall_statues_s
D:6:      layout_basic, minmay_temple_entry_junction_2,
          gammafunk_ghost_necromancy, uniq_edmund, uniq_prince_ribbit1,
          uniq_maggie
D:7:      kennysheep_slugbush, layout_loops_ring,
          pdpol_wu_jian_five_deadly_venoms
Temple:   bh_familiar_temple

Skill      XL: |  1  2  3  4  5  6  7  8 |
---------------+-------------------------+-----
Shapeshifting  | 3 4 5 7 |  7.7
Unarmed Combat | 3 4 5 |  5.3
Dodging        | 2 |  2.0
Fighting       | 2 |  2.0
Armour         | 2 |  2.0
Evocations     | 1 |  1.0
Shields        | 1 2 |  2.0
Stealth        | 1 |  1.0
Throwing       | 1 |  1.0

Action                     |  1- 3 |  4- 6 |  7- 9 || total
---------------------------+-------+-------+-------++-------
  Melee: Unarmed           |    60 |   169 |   100 ||   329
         Kick              |     9 |    42 |    24 ||    75
         Punch             |     1 |       |       ||     1
  Throw: Stone             |       |     3 |     4 ||     7
    Use: Scroll            |       |     1 |       ||     1
         Potion            |       |    11 |     5 ||    16
   Stab: Sleeping          |     1 |     3 |     4 ||     8
 Armour: Scale mail        |    26 |       |       ||    26
         Animal skin       |     5 |       |       ||     5
         Robe              |       |    92 |    49 ||   141
         Skin              |       |       |     3 ||     3
  Dodge: Dodged            |    24 |    67 |    34 ||   125
  Block: Buckler           |     3 |    21 |    17 ||    41
   Form: Beast             |       |       |     1 ||     1
         Flux              |       |       |     1 ||     1

Table legend: (Time is in decaauts)
 A = Elapsed time spent in this place.
 B = Non-inter-level travel time spent in this place.
 C = Inter-level travel time spent in this place.
 D = Time resting spent in this place.
 E = Time spent auto-exploring this place.
 F = Levels seen in this place.
 G = Mean time per level.
                   A        B        C        D        E       F      G
               +--------+--------+--------+--------+--------+-----+--------+
         Total |   5191 |   4562 |    629 |    856 |   2433 |   8 |  648.9 |
       Dungeon |   4712 |   4083 |    629 |    703 |   2283 |   6 |  785.3 |
        Temple |      1 |      1 |      0 |      0 |      0 |   1 |    1.0 |
         Sewer |    477 |    477 |      0 |    153 |    150 |   1 |  477.0 |
               +--------+--------+--------+--------+--------+-----+--------+

Top non-repeatable levels by time:
     D:3: 1445 daAuts
     D:2: 1156 daAuts
     D:1: 951 daAuts
     D:7: 639 daAuts
   Sewer: 477 daAuts
     D:6: 272 daAuts
     D:4: 246 daAuts
  Temple: 1 daAuts
